 Dungeon Crawl Stone Soup version 0.18-a0-965-g9200175 (webtiles) character file.

26116 4thArraOfDagon the Severer (level 12, -6/89 HPs)
             Began as a Centaur Berserker on Jan 1, 2016.
             Was an Elder of Trog.
             Engulfed by a fire crab (shapeshifter)'s flame (10 damage)
             ... on level 13 of the Dungeon.
             The game lasted 00:41:20 (7037 turns).

4thArraOfDagon the Severer (Centaur Berserker)      Turns: 7037, Time: 00:41:21

Health: -6/89      AC: 16    Str: 26    XL:     12   Next: 95%
Magic:  10/10      EV:  8    Int: 10    God:    Trog [****..]
Gold:   465        SH:  0    Dex: 14    Spells: 0 memorised, 11 levels left

rFire  . . .     SeeInvis .     A - +1 battleaxe (freeze)
rCold  . . .     Gourm    .     a - +0 plate armour
rNeg   + . .     Faith    .     (shield currently unavailable)
rPois  .         Spirit   .     (no helmet)
rElec  .         Dismiss  .     r - +0 cloak
rCorr  .         Reflect  .     Q - +1 pair of gloves of the Thirteen Realms {Dex+2}
SustAt .         Harm     .     (no barding)
MR     ++...                    (no amulet)
Stlth  ..........               q - ring of positive energy
                                T - +6 ring of strength

@: about to teleport, regenerating, very quick, very resistant to hostile
enchantments, extremely unstealthy
A: hooves 3, agile 1, deformed body, speed 2, low mp 1, tough skin 3
a: Berserk, Trog's Hand, Brothers in Arms, Burn Spellbooks, Renounce Religion


You were on level 13 of the Dungeon.
You worshipped Trog.
Trog was greatly pleased with you.
You were not hungry.

You visited 2 branches of the dungeon, and saw 16 of its levels.
You also visited: Ossuary.

You collected 1379 gold pieces.
You spent 914 gold pieces at shops.

Inventory:

Hand Weapons
 g - a +0 blowgun
 A - a +1 battleaxe of freezing (weapon)
 K - a +3 battleaxe
Missiles
 R - a throwing net (quivered)
Armour
 a - a +0 plate armour (worn)
 r - a +0 cloak (worn)
 L - a troll hide
 Q - the +1 pair of gloves of the Thirteen Realms (worn) {Dex+2}
   (You found it on level 12 of the Dungeon)

   It affects your dexterity (+2).
Jewellery
 n - an uncursed ring of protection from cold
 q - a ring of positive energy (right hand)
 F - an uncursed ring of fire
 T - a +6 ring of strength (left hand)
 U - an uncursed ring of wizardry
Wands
 y - a wand of random effects (22/48)
 D - a wand of cold (4/15)
 G - a wand of fire (1/15)
 N - a wand of hasting (2/9)
 O - a wand of digging (17/24)
Scrolls
 b - 2 scrolls of recharging
 e - 2 scrolls of teleportation
 h - a scroll of immolation
 j - 4 scrolls of random uselessness
 p - 2 scrolls of enchant weapon
 u - 5 scrolls of remove curse
 v - 2 scrolls of amnesia
 I - a scroll of fog
Potions
 d - 2 potions of cancellation
 f - 2 potions of heal wounds
 i - 2 potions of might
 k - a potion of agility
 l - a potion of magic
 s - a potion of resistance
 x - 2 potions of curing
 E - a potion of invisibility
 H - a potion of haste
 J - a potion of berserk rage
 M - a potion of ambrosia
 S - 3 potions of flight
Books
 o - a book of Changes

   Spells                             Type                      Level
   a - Beastly Appendage              Transmutation                1
   b - Sticks to Snakes               Transmutation                2
   c - Spider Form                    Transmutation/Poison         3
   d - Ice Form                       Ice/Transmutation            4
   e - Blade Hands                    Transmutation                5
   Trog disapproves of the use of such an item.
 t - a book of Unlife

   Spells                             Type                      Level
   a - Recall                         Summoning/Translocation      3
   b - Animate Dead                   Necromancy                   4
   c - Control Undead                 Necromancy                   4
   d - Cigotuvi's Embrace             Necromancy                   5
   e - Death Channel                  Necromancy                   6
   f - Simulacrum                     Ice/Necromancy               6
   Trog disapproves of the use of such an item.
 P - a book of Unlife

   Spells                             Type                      Level
   a - Recall                         Summoning/Translocation      3
   b - Animate Dead                   Necromancy                   4
   c - Control Undead                 Necromancy                   4
   d - Cigotuvi's Embrace             Necromancy                   5
   e - Death Channel                  Necromancy                   6
   f - Simulacrum                     Ice/Necromancy               6
   Trog disapproves of the use of such an item.
Comestibles
 c - 7 bread rations
 w - a meat ration
 z - 2 royal jellies
 B - 2 beef jerkies
 C - 6 slices of pizza


   Skills:
 - Level 3.0 Fighting
 * Level 15.0 Axes
 + Level 9.3 Armour
 - Level 6.5 Dodging


You had 11 spell levels left.
You didn't know any spells.

Dungeon Overview and Level Annotations

Branches:
Dungeon (14/15)            Temple (0/1) D:6             Orc (2/2) D:10
    Elf (0/3) Orc:2        Vaults (0/5) D:13
   Lair: D:8-11

Altars:
Fedhas
Kikubaaqudgha
Okawaru
Pakellas
Qazlal
Ru
Trog
Vehumet
Yredelemnul
The Shining One
Beogh

Shops:
D:4 :(:   D:11 [   Orc:2 *(?::!

Annotations:
D:7 Joseph
D:10 PeterLawrence's ghost, journeyman GrFi


Innate Abilities, Weirdness & Mutations

You have hooves in place of feet.
Armour fits poorly on your strangely shaped body.
You cover ground very quickly.
You have extremely tough skin (AC +3).
You are agile. (Dex +2)
Your magical capacity is low (-10% MP).


Message History

Unknown command.
Unknown command.
You feel less exhausted.
Unknown command.
Unknown command.
The fire crab breathes flames at you. The blast of flame engulfs you!
Unknown command.
Unknown command.
Unknown command.
Put on which piece of jewellery? (? for menu, Esc to quit)
You're wearing all the rings you can.
Remove which one? (? for menu, Esc to cancel) < or
T - a +6 ring of strength; > or
n - a ring of protection from cold You remove your ring of protection from cold.
You are engulfed in roaring flames.
* * * LOW HITPOINT WARNING * * *
q - a ring of positive energy (right hand)
You are engulfed in roaring flames.
You die...

...##.#...# #.<............ .
#.##.8+.# #######.#######
#†#...#p# #.# .÷†..##.# #.#
....##..# #.# .8C##...# #.#
## #.##....# ####§####
######. #'#.....# #§§§§§§§#
##....'. .'......#
#@#####.###..####.
......÷[########§#.....'...##
#.
.......['.Cp...'t#.#########
#. ....>...########.# ##
######### #.# #.. ####


You could see a fire crab.

Vanquished Creatures
  Frances (D:13)
  A vault guard (D:13)
  An ogre mage (Orc:2)
  2 centaur warriors
  A tengu warrior (D:14)
  2 unseen horrors
  2 hill giants
  2 orc knights (Orc:2)
  An ugly thing (D:13)
  A cyclops (Orc:2)
  Maurice (Orc:2)
  12 orc sorcerers
  A manticore (D:13)
  4 trolls
  A two-headed ogre (D:8)
  2 wyverns
  8 yaks
  A hog (D:8)
  A human (D:8)
  A basilisk (D:13)
  4 wargs
  A mottled dragon (D:11)
  A soldier ant (D:13)
  A wasp (D:12)
  15 orc warriors
  2 necrophages
  A sky beast (D:10)
  An eye of draining (D:8)
  17 ogres
  14 centaurs
  3 phantoms
  2 big kobolds
  A giant frog (D:11)
  3 scorpions
  9 killer bees
  7 wights
  3 crimson imps
  2 centaur zombies
  4 hounds
  2 jellies
  19 orc priests
  3 centaur skeletons
  A giant frog skeleton (D:13)
  2 iguanas
  28 orc wizards
  3 worker ants
  3 sheep (D:8)
  A killer bee zombie (D:10)
  A hound skeleton (D:4)
  A worker ant zombie (D:10)
  2 adders
  A shadow imp (D:5)
  2 oozes
  An adder zombie (D:8)
  2 worms
  A giant gecko (D:11)
  81 orcs
  A giant cockroach (D:1)
  2 goblins
  3 hobgoblins
  11 kobolds
  2 quokkas
  2 bats
  A giant gecko skeleton (D:4)
  3 giant newts
  A quokka zombie (D:10)
  4 rats
321 creatures vanquished.

Vanquished Creatures (collateral kills)
  A cyclops (D:13)
  A troll (D:13)
  A hippogriff (D:13)
3 creatures vanquished.

Vanquished Creatures (others)
  An orc sorcerer (Orc:2)
  A centaur (D:12)
2 creatures vanquished.

Grand Total: 326 creatures vanquished

Notes
Turn   | Place    | Note
--------------------------------------------------------------
     0 | D:1      | 4thArraOfDagon the Centaur Berserker began the quest for the Orb.
     0 | D:1      | Reached XP level 1. HP: 19/19 MP: 1/1
    66 | D:1      | Reached XP level 2. HP: 15/26 MP: 2/2
   301 | D:2      | Noticed a moth of wrath
   304 | D:2      | Found a bloodstained altar of Trog.
   369 | D:3      | Found an oddly glowing altar of Pakellas.
   393 | D:3      | Reached ** piety under Trog
   444 | D:3      | Reached XP level 3. HP: 20/31 MP: 3/3
   449 | D:3      | Reached XP level 4. HP: 13/38 MP: 4/4
   452 | D:3      | Reached skill level 4 in Axes
   526 | D:4      | Found Xaall's Book Emporium.
   527 | D:4      | Found Ruukk's Weapon Shop.
   590 | D:4      | Reached XP level 5. HP: 37/45 MP: 5/5
   722 | D:4      | Found Ruofextese's Book Shop.
   729 | D:4      | Noticed an ogre
   735 | D:4      | Killed an ogre
   735 | D:4      | Reached XP level 6. HP: 51/51 MP: 6/6
   755 | D:4      | Found an iron altar of Okawaru.
   823 | D:5      | Entered Level 5 of the Dungeon
   835 | D:5      | Reached skill level 5 in Axes
   948 | D:6      | Reached XP level 7. HP: 57/57 MP: 7/7
  1001 | D:6      | Found a staircase to the Ecumenical Temple.
  1012 | D:6      | Reached skill level 6 in Axes
  1539 | D:8      | Noticed a two-headed ogre
  1572 | D:8      | Noticed a wyvern
  1584 | D:8      | Killed a two-headed ogre
  1584 | D:8      | Reached skill level 7 in Axes
  1584 | D:8      | Reached XP level 8. HP: 36/63 MP: 8/8
  1638 | D:8      | Reached skill level 8 in Axes
  1705 | D:8      | Found a sacrificial altar of Ru.
  1706 | D:8      | Found a glowing golden altar of the Shining One.
  1709 | D:8      | Found a radiant altar of Vehumet.
  1710 | D:8      | Found a blossoming altar of Fedhas.
  1711 | D:8      | Found a basalt altar of Yredelemnul.
  1712 | D:8      | Found a stormy altar of Qazlal.
  1729 | D:8      | Found a sand-covered staircase.
  1748 | Ossuary  | Entered an ossuary
  1771 | D:7      | Noticed Joseph
  1783 | D:8      | Found a basalt altar of Yredelemnul.
  1889 | D:7      | Reached XP level 9. HP: 69/69 MP: 9/9
  2120 | D:10     | Entered Level 10 of the Dungeon
  2157 | D:10     | Reached skill level 5 in Dodging
  2183 | D:10     | Noticed PeterLawrence's ghost (journeyman GrFi)
  2321 | D:10     | Reached skill level 5 in Armour
  2322 | D:10     | Reached skill level 9 in Axes
  2428 | D:10     | Found a staircase to the Orcish Mines.
  2434 | Orc:1    | Entered Level 1 of the Orcish Mines
  2624 | Orc:2    | Entered Level 2 of the Orcish Mines
  2645 | Orc:2    | Found Posujum's General Store.
  2654 | Orc:2    | Bought a scroll of random uselessness for 14 gold pieces
  2654 | Orc:2    | Bought a potion of mutation for 35 gold pieces
  2654 | Orc:2    | Bought a potion of degeneration for 14 gold pieces
  2655 | Orc:2    | Gained mutation: Your spells are a little harder to cast, but a little more powerful. [potion of mutation]
  2655 | Orc:2    | Gained mutation: You are agile. (Dex +2) [potion of mutation]
  2655 | Orc:2    | Gained mutation: Your magical capacity is low (-10% MP). [potion of mutation]
  2708 | Orc:2    | Found a staircase to the Elven Halls.
  2795 | Orc:2    | Noticed a cyclops
  2824 | Orc:2    | Killed a cyclops
  2901 | Orc:2    | Noticed a troll
  2912 | Orc:2    | Killed a troll
  2912 | Orc:2    | Reached XP level 10. HP: 77/77 MP: 9/9
  2970 | Orc:2    | Noticed an orc sorcerer
  2983 | Orc:2    | Killed an orc sorcerer
  2983 | Orc:2    | Reached skill level 10 in Axes
  3030 | Orc:1    | Noticed an orc sorcerer
  3031 | Orc:1    | Noticed Maurice
  3044 | Orc:1    | Killed an orc sorcerer
  3069 | Orc:2    | Killed Maurice
  3199 | Orc:2    | Noticed an orc sorcerer
  3231 | Orc:2    | Killed an orc sorcerer
  3293 | Orc:2    | Noticed an orc knight
  3315 | Orc:2    | Killed an orc knight
  3370 | Orc:2    | Found Wokhluny's Distillery.
  3450 | Orc:2    | Reached *** piety under Trog
  3493 | Orc:2    | Noticed an orc sorcerer
  3503 | Orc:2    | Noticed a soul eater
  3503 | Orc:2    | Noticed an orange demon
  3518 | Orc:2    | Killed an orc sorcerer
  3518 | Orc:2    | Reached skill level 11 in Axes
  3598 | Orc:2    | Noticed an orc sorcerer
  3622 | Orc:2    | Killed an orc sorcerer
  3664 | Orc:2    | Noticed an orc sorcerer
  3701 | Orc:2    | Paralysed by an orc sorcerer for 5 turns
  3702 | Orc:2    | Lost mutation: Your spells are a little harder to cast, but a little more powerful. [a neqoxec]
  3707 | Orc:2    | Killed an orc sorcerer
  3743 | Orc:2    | Found Kunotosi's Magic Scroll Boutique.
  3781 | Orc:2    | Found a radiant altar of Vehumet.
  3787 | Orc:2    | Noticed an ogre mage
  3826 | Orc:2    | Reached XP level 11. HP: 42/82 MP: 9/9
  3857 | Orc:2    | Killed an ogre mage
  3914 | Orc:2    | Noticed an orc sorcerer
  3936 | Orc:2    | Killed an orc sorcerer
  3974 | Orc:2    | Noticed an orc sorcerer
  3981 | Orc:2    | Noticed an orc sorcerer
  3983 | Orc:2    | Noticed an orc sorcerer
  3990 | Orc:2    | Killed an orc sorcerer
  3996 | Orc:2    | Killed an orc sorcerer
  4051 | Orc:2    | Found Zaruseus's Book Shop.
  4056 | Orc:2    | Noticed an orc sorcerer
  4062 | Orc:2    | Noticed a sun demon
  4065 | Orc:2    | Killed an orc sorcerer
  4065 | Orc:2    | Reached skill level 12 in Axes
  4096 | Orc:2    | Noticed an orc knight
  4096 | Orc:2    | Noticed an orc sorcerer
  4140 | Orc:2    | Killed an orc sorcerer
  4146 | Orc:2    | Killed an orc knight
  4149 | Orc:2    | Killed an orc sorcerer
  4220 | Orc:2    | Found a roughly hewn altar of Beogh.
  4220 | Orc:2    | Found Lekoulom's Antique Weapon Shop.
  4220 | Orc:2    | Noticed an orc sorcerer
  4234 | Orc:2    | Killed an orc sorcerer
  4255 | Orc:2    | Reached **** piety under Trog
  4264 | Orc:2    | Found Ciotow's Book Boutique.
  4281 | Orc:2    | Found an ancient bone altar of Kikubaaqudgha.
  4332 | Orc:2    | Bought a scroll of identify for 34 gold pieces
  4332 | Orc:2    | Bought a scroll of identify for 34 gold pieces
  4332 | Orc:2    | Bought a scroll of teleportation for 51 gold pieces
  4332 | Orc:2    | Bought a scroll of teleportation for 51 gold pieces
  4332 | Orc:2    | Bought a scroll of enchant weapon for 127 gold pieces
  4332 | Orc:2    | Bought a scroll of fog for 34 gold pieces
  4361 | Orc:2    | Bought a potion of heal wounds for 90 gold pieces
  4361 | Orc:2    | Bought a potion of haste for 180 gold pieces
  4361 | Orc:2    | Bought a potion of might for 72 gold pieces
  4361 | Orc:2    | Bought a potion of berserk rage for 90 gold pieces
  4361 | Orc:2    | Bought a potion of poison for 18 gold pieces
  4520 | Orc:2    | Bought a scroll of remove curse for 42 gold pieces
  4520 | Orc:2    | Bought a scroll of identify for 28 gold pieces
  4974 | D:10     | Reached skill level 13 in Axes
  5038 | D:10     | Found an oddly glowing altar of Pakellas.
  5377 | D:11     | Reached ***** piety under Trog
  5382 | D:11     | Reached XP level 12. HP: 89/89 MP: 10/10
  5520 | D:11     | Found Juub's Armour Boutique.
  5802 | D:12     | Got a pair of crude gloves
  5820 | D:12     | Identified the +1 pair of gloves of the Thirteen Realms {Dex+2} (You found it on level 12 of the Dungeon)
  6236 | D:13     | Noticed a centaur warrior
  6242 | D:13     | Killed a centaur warrior
  6242 | D:13     | Reached skill level 14 in Axes
  6281 | D:13     | Noticed Frances
  6312 | D:13     | Killed Frances
  6392 | D:13     | Found a gate to the Vaults.
  6392 | D:13     | Noticed a vault guard
  6409 | D:13     | Killed a vault guard
  6537 | D:14     | Noticed a rakshasa
  6707 | D:13     | Noticed a death knight
  6916 | D:14     | Noticed a centaur warrior
  6927 | D:14     | Killed a centaur warrior
  6968 | D:14     | Noticed a tengu warrior
  6986 | D:14     | Killed a tengu warrior
  6986 | D:14     | Reached skill level 15 in Axes
  7033 | D:13     | WTF
  7036 | D:13     | HP: 4/89 [fire crab (shapeshifter)] (11)]
  7037 | D:13     | Engulfed by a fire crab (shapeshifter)'s flame

Vault maps used:
D:1:      dpeg_arrival_court
D:2:      tgw_trog
D:3:      ashenzari_altar_1, nicolae_overflow_crystal_walls, first_bread
D:4:      serial_shops, shop, shop, nicolae_shop_behind_doors, shop, shop,
          okawaru_gym_becter
D:5:      slow_altar_2, minmay_misc_feat_iff, hex_tiny, kennysheep_another_room
D:6:      minmay_temple_entry_statues_fountains, cheibriados_altar_1
D:7:      basic_altar, uniq_joseph
D:8:      lemuel_round_altar, grunt_temple_overflow_open, dpeg_oklobed_lair,
          basic_altar, nicolae_ossuary_entry_plus, grunt_livestock,
          small_chamber_with_monster, minmay_misc_feat_secret_circle, uniq_grum
D:9:      lemuel_doored_altar
D:10:     erik_orc_3, grunt_pakellas_sulfur
D:11:     serial_shops, kennysheep_mini
D:12:     makhleb_altar_promises_db
D:13:     david_vaults_5, serial_shops,
          nicolae_shop_competitors_out_of_business, grunt_decor_arrowhead,
          uniq_josephine, uniq_frances
D:14:     evilmike_library_of_no_secrets, serial_bayou_shore_b
Orc:1:    uniq_maurice
Orc:2:    kennysheep_orc_mage_school, serial_shops, shop, nicolae_shop_stone,
          nicolae_orc_lava_room
Ossuary:  ossuary_tomb_1

Action                   |  1- 3 |  4- 6 |  7- 9 | 10-12 || total
-------------------------+-------+-------+-------+-------++-------
Melee: Hand axe          |    37 |    61 |   149 |       ||   247
       War axe           |       |       |    34 |   148 ||   182
       Battleaxe         |       |       |       |   428 ||   428
Invok: Berserk           |     3 |     4 |    18 |    34 ||    59
       Trog's Hand       |       |     3 |    10 |    25 ||    38
       Brothers in Arms  |       |       |       |     2 ||     2
Evoke: Wand              |       |       |     1 |     9 ||    10
  Use: Potion            |     1 |       |     1 |     4 ||     6
       Scroll            |       |       |     8 |    12 ||    20
  Eat: Chunk             |       |     6 |    20 |    54 ||    80
       Pizza             |       |       |     3 |       ||     3
       Beef jerky        |       |       |     1 |       ||     1
